[ AOE2 MATCH · #504680076 ]
UnrankedBengalis vs Bengalis
Player's team · WIN
Rival team · LOSS
[ REPLAY ANALYSIS · EXTRACTED FROM THE RECORDED GAME ]
Feudal
8:30
Castle
21:12
Imperial
—
| APM avg | 50.6 |
| APM peak | 107 |
| eAPM avg | 26.2 |
| Villagers / military | 50 / 4 |
Focus
⚔️ 42.9% · 🌾 57.1%
Mangonel ×3 · Monk ×1
Feudal
11:32
Castle
15:35
Imperial
—
| APM avg | 52.7 |
| APM peak | 80 |
| eAPM avg | 22.6 |
| Villagers / military | 34 / 19 |
Focus
⚔️ 35.8% · 🌾 64.2%
Mangonel ×9 · Monk ×5 · Spearman ×4 · Scorpion ×1
Match map
Initial resources + every placement click. Lines = walls · curves = elevation contours. ◆ gold · ⬟ stone · ● berries · ✦ relic · ◌ wall gap
Your base· ✓ Closed at 21:12 · 47t walls · 3 gate(s)
HR nomadplayer's base· ✓ Closed at 15:35 · 22t walls · 2 gate(s)
Smoothed initial terrain · ◌ = detected wall gap · hover for details
Inputs per minute
— [CL] Rey Enigmaaa - - HR nomadplayer
Build order — [CL] Rey Enigmaaa
First 150 of 159 actions detected
| 0:01 | Create | Villager (Male) |
| 0:03 | Build | House |
| 0:04 | Build | House |
| 0:15 | Create | Villager (Male) |
| 0:32 | Create | Villager (Male) |
| 0:58 | Create | Villager (Male) |
| 1:24 | Create | Villager (Male) |
| 1:24 | Create | Villager (Male) |
| 2:08 | Create | Villager (Male) |
| 2:12 | Create | Villager (Male) |
| 2:49 | Create | Villager (Male) |
| 2:55 | Build | Lumber Camp |
| 3:03 | Create | Villager (Male) |
| 3:27 | Build | House |
| 3:28 | Build | House |
| 3:34 | Create | Villager (Male) |
| 4:04 | Create | Villager (Male) |
| 4:21 | Create | Villager (Male) |
| 4:43 | Create | Villager (Male) |
| 5:20 | Create | Villager (Male) |
| 5:43 | Build | Mill |
| 5:45 | Research | Loom |
| 5:45 | Research | Loom |
| 6:20 | Research | Feudal Age |
| 6:53 | Build | Palisade Wall |
| 6:58 | Build | Palisade Wall |
| 7:29 | Build | Mining Camp |
| 7:55 | Build | House |
| 8:04 | Build | Outpost |
| 8:21 | Create | Villager (Male) |
| 8:30 | Age | Feudal Age |
| 8:34 | Build | Watch Tower |
| 8:48 | Research | Double-Bit Axe |
| 8:51 | Research | Town Watch |
| 9:06 | Create | Villager (Male) |
| 9:35 | Research | Horse Collar |
| 9:35 | Research | Horse Collar |
| 9:36 | Create | Villager (Male) |
| 9:48 | Create | Villager (Male) |
| 9:57 | Build | Farm |
| 10:22 | Create | Villager (Male) |
| 10:57 | Create | Villager (Male) |
| 11:03 | Create | Villager (Male) |
| 11:05 | Build | Farm |
| 11:05 | Build | Farm |
| 11:05 | Build | Farm |
| 11:23 | Create | Villager (Male) |
| 11:45 | Build | House |
| 11:46 | Build | House |
| 11:54 | Create | Villager (Male) |
| 11:57 | Build | Farm |
| 12:24 | Create | Villager (Male) |
| 12:38 | Build | Watch Tower |
| 12:50 | Create | Villager (Male) |
| 12:54 | Build | Palisade Gate |
| 13:06 | Build | Mining Camp |
| 13:08 | Build | Farm |
| 13:21 | Create | Villager (Male) |
| 13:50 | Create | Villager (Male) |
| 13:56 | Build | Blacksmith |
| 14:03 | Create | Villager (Male) |
| 14:21 | Research | Wheelbarrow |
| 14:43 | Build | Outpost |
| 15:05 | Create | Villager (Male) |
| 15:24 | Build | Stone Wall |
| 15:27 | Build | Stone Wall |
| 15:28 | Build | Stone Wall |
| 15:29 | Build | Stone Wall |
| 15:33 | Build | Stone Wall |
| 15:34 | Build | Stone Wall |
| 15:35 | Build | Stone Wall |
| 15:36 | Build | Stone Wall |
| 15:39 | Create | Villager (Male) |
| 15:41 | Build | Outpost |
| 15:47 | Build | Market |
| 15:58 | Build | Stone Wall |
| 16:00 | Build | Stone Wall |
| 16:04 | Build | Stone Wall |
| 16:10 | Build | Stone Wall |
| 16:13 | Build | Stone Wall |
| 16:14 | Build | Stone Wall |
| 16:15 | Build | Stone Wall |
| 16:19 | Create | Villager (Male) |
| 16:22 | Build | Stone Wall |
| 16:24 | Build | Stone Wall |
| 16:25 | Build | Stone Wall |
| 16:29 | Create | Villager (Male) |
| 16:31 | Build | Farm |
| 16:31 | Build | Farm |
| 16:42 | Build | Stone Wall |
| 16:46 | Build | Stone Wall |
| 16:47 | Build | Stone Wall |
| 16:52 | Build | Watch Tower |
| 16:52 | Create | Villager (Male) |
| 16:56 | Build | Stone Wall |
| 17:05 | Create | Villager (Male) |
| 17:12 | Build | Farm |
| 17:12 | Build | Farm |
| 17:13 | Build | Farm |
| 17:15 | Build | House |
| 17:16 | Build | House |
| 17:18 | Build | Stone Wall |
| 17:19 | Build | Stone Wall |
| 17:30 | Build | Stone Wall |
| 17:33 | Build | Stone Wall |
| 17:35 | Build | Stone Wall |
| 17:36 | Build | Stone Wall |
| 18:20 | Create | Villager (Male) |
| 18:27 | Build | Stone Wall |
| 18:31 | Research | Castle Age |
| 18:31 | Research | Castle Age |
| 18:53 | Research | Gold Mining |
| 19:05 | Build | Watch Tower |
| 19:18 | Build | Outpost |
| 19:36 | Build | Stone Wall |
| 19:37 | Build | Stone Wall |
| 19:38 | Build | Stone Wall |
| 20:00 | Create | Villager (Male) |
| 20:12 | Build | Watch Tower |
| 20:22 | Build | Stone Wall |
| 20:25 | Build | Stone Wall |
| 20:26 | Build | Stone Wall |
| 20:28 | Build | Stone Wall |
| 20:43 | Research | Stone Mining |
| 20:50 | Build | House |
| 20:52 | Build | House |
| 20:54 | Build | House |
| 20:56 | Build | Stone Wall |
| 21:12 | Age | Castle Age |
| 21:15 | Build | University |
| 21:21 | Research | Fletching |
| 21:22 | Create | Villager (Male) |
| 21:33 | Build | Watch Tower |
| 21:40 | Create | Villager (Male) |
| 21:42 | Build | Siege Workshop |
| 21:49 | Research | Guard Tower (upgrade) |
| 21:51 | Create | Villager (Male) |
| 21:56 | Research | Bow Saw |
| 22:14 | Create | Villager (Male) |
| 22:15 | Build | Farm |
| 22:40 | Create | Villager (Male) |
| 22:51 | Research | Bodkin Arrow |
| 22:52 | Create | Villager (Male) |
| 23:06 | Create | Mangonel |
| 23:12 | Create | Villager (Male) |
| 23:14 | Build | Farm |
| 23:31 | Build | Monastery |
| 23:38 | Create | Villager (Male) |
| 23:44 | Build | House |
| 24:05 | Create | Monk |
Build order — HR nomadplayer
101 actions detected in the replay
| 0:00 | Create | Villager (Male) |
| 0:01 | Build | House |
| 0:02 | Build | House |
| 0:08 | Create | Villager (Male) |
| 0:10 | Create | Villager (Male) |
| 0:10 | Create | Villager (Male) |
| 1:22 | Create | Villager (Male) |
| 2:01 | Create | Villager (Male) |
| 2:01 | Create | Villager (Male) |
| 2:15 | Build | Lumber Camp |
| 2:20 | Create | Villager (Male) |
| 2:21 | Create | Villager (Male) |
| 2:23 | Create | Villager (Male) |
| 3:15 | Create | Villager (Male) |
| 3:16 | Create | Villager (Male) |
| 3:30 | Build | House |
| 3:37 | Build | House |
| 4:00 | Build | House |
| 4:06 | Create | Villager (Male) |
| 4:07 | Create | Villager (Male) |
| 4:14 | Create | Villager (Male) |
| 4:43 | Create | Villager (Male) |
| 4:43 | Create | Villager (Male) |
| 4:45 | Create | Villager (Male) |
| 4:45 | Create | Villager (Male) |
| 4:45 | Create | Villager (Male) |
| 5:11 | Build | Mill |
| 5:15 | Create | Villager (Male) |
| 5:40 | Create | Villager (Male) |
| 6:28 | Create | Villager (Male) |
| 6:35 | Create | Villager (Male) |
| 6:36 | Create | Villager (Male) |
| 7:10 | Research | Loom |
| 7:21 | Build | Mining Camp |
| 7:32 | Create | Villager (Male) |
| 7:34 | Create | Villager (Male) |
| 7:43 | Create | Villager (Male) |
| 8:10 | Build | House |
| 8:14 | Create | Villager (Male) |
| 8:43 | Build | House |
| 8:45 | Build | House |
| 8:51 | Build | Palisade Wall |
| 8:52 | Build | Palisade Wall |
| 9:15 | Build | Palisade Wall |
| 9:22 | Research | Feudal Age |
| 10:10 | Build | House |
| 10:17 | Build | House |
| 11:32 | Age | Feudal Age |
| 11:34 | Create | Villager (Male) |
| 11:42 | Build | Market |
| 11:47 | Build | Blacksmith |
| 11:52 | Build | Watch Tower |
| 11:58 | Create | Villager (Male) |
| 12:49 | Build | House |
| 12:55 | Research | Castle Age |
| 12:55 | Research | Castle Age |
| 13:13 | Build | House |
| 13:18 | Build | Palisade Wall |
| 13:20 | Build | Palisade Wall |
| 14:43 | Build | Palisade Wall |
| 15:35 | Age | Castle Age |
| 15:36 | Create | Villager (Male) |
| 15:49 | Build | Palisade Gate |
| 15:54 | Build | Palisade Gate |
| 16:20 | Build | Siege Workshop |
| 16:51 | Build | House |
| 17:30 | Create | Scorpion |
| 18:12 | Build | Siege Workshop |
| 18:43 | Build | Monastery |
| 18:57 | Create | Mangonel |
| 19:17 | Create | Monk |
| 19:31 | Build | Barracks |
| 19:33 | Create | Monk |
| 19:55 | Create | Mangonel |
| 20:03 | Research | Sanctity |
| 20:19 | Build | House |
| 20:28 | Create | Monk |
| 20:37 | Create | Spearman |
| 20:38 | Create | Spearman |
| 20:47 | Build | Monastery |
| 20:54 | Create | Villager (Male) |
| 21:25 | Create | Spearman |
| 21:25 | Create | Spearman |
| 21:29 | Research | Fervor |
| 21:31 | Research | Atonement |
| 21:31 | Research | Atonement |
| 21:37 | Create | Villager (Male) |
| 21:47 | Build | Outpost |
| 21:51 | Research | Town Watch |
| 21:51 | Research | Town Watch |
| 21:58 | Create | Mangonel |
| 22:38 | Create | Monk |
| 22:38 | Create | Monk |
| 23:12 | Create | Mangonel |
| 23:13 | Create | Mangonel |
| 23:39 | Create | Mangonel |
| 23:40 | Create | Mangonel |
| 23:51 | Create | Mangonel |
| 23:57 | Build | Outpost |
| 24:10 | Build | Outpost |
| 25:05 | Create | Mangonel |
Match timeline
| 6:53 | [CL] Rey Enigmaaa · wall_segment Palisade Wall x1 |
| 6:58 | [CL] Rey Enigmaaa · wall_segment Palisade Wall x1 |
| 8:30 | [CL] Rey Enigmaaa · age_up feudal |
| 8:51 | HR nomadplayer · wall_segment Palisade Wall x5 |
| 8:52 | HR nomadplayer · wall_segment Palisade Wall x3 |
| 9:15 | HR nomadplayer · wall_segment Palisade Wall x6 |
| 11:32 | HR nomadplayer · age_up feudal |
| 12:46 | HR nomadplayer · first_market_buy 100 food |
| 12:52 | HR nomadplayer · first_market_sell 100 wood |
| 13:18 | HR nomadplayer · wall_segment Palisade Wall x1 |
| 13:20 | HR nomadplayer · wall_segment Palisade Wall x1 |
| 14:43 | HR nomadplayer · wall_segment Palisade Wall x6 |
| 15:24 | [CL] Rey Enigmaaa · wall_segment Stone Wall x1 |
| 15:27 | [CL] Rey Enigmaaa · wall_segment Stone Wall x1 |
| 15:28 | [CL] Rey Enigmaaa · wall_segment Stone Wall x1 |
| 15:29 | [CL] Rey Enigmaaa · wall_segment Stone Wall x1 |
| 15:33 | [CL] Rey Enigmaaa · wall_segment Stone Wall x1 |
| 15:34 | [CL] Rey Enigmaaa · wall_segment Stone Wall x1 |
| 15:35 | HR nomadplayer · age_up castle |
| 15:35 | [CL] Rey Enigmaaa · wall_segment Stone Wall x1 |
| 15:36 | [CL] Rey Enigmaaa · wall_segment Stone Wall x1 |
| 15:58 | [CL] Rey Enigmaaa · wall_segment Stone Wall x1 |
| 16:00 | [CL] Rey Enigmaaa · wall_segment Stone Wall x1 |
| 16:04 | [CL] Rey Enigmaaa · wall_segment Stone Wall x1 |
| 16:10 | [CL] Rey Enigmaaa · wall_segment Stone Wall x1 |
| 16:13 | [CL] Rey Enigmaaa · wall_segment Stone Wall x1 |
| 16:14 | [CL] Rey Enigmaaa · wall_segment Stone Wall x1 |
| 16:15 | [CL] Rey Enigmaaa · wall_segment Stone Wall x1 |
| 16:20 | HR nomadplayer · first_building Siege Workshop |
| 16:22 | [CL] Rey Enigmaaa · wall_segment Stone Wall x1 |
| 16:24 | [CL] Rey Enigmaaa · wall_segment Stone Wall x1 |
| 16:25 | [CL] Rey Enigmaaa · wall_segment Stone Wall x1 |
| 16:42 | [CL] Rey Enigmaaa · wall_segment Stone Wall x1 |
| 16:46 | [CL] Rey Enigmaaa · wall_segment Stone Wall x1 |
| 16:47 | [CL] Rey Enigmaaa · wall_segment Stone Wall x1 |
| 16:56 | [CL] Rey Enigmaaa · wall_segment Stone Wall x1 |
| 17:18 | [CL] Rey Enigmaaa · wall_segment Stone Wall x1 |
| 17:19 | [CL] Rey Enigmaaa · wall_segment Stone Wall x1 |
| 17:30 | [CL] Rey Enigmaaa · wall_segment Stone Wall x1 |
| 17:33 | [CL] Rey Enigmaaa · wall_segment Stone Wall x1 |
| 17:35 | [CL] Rey Enigmaaa · wall_segment Stone Wall x1 |
| 17:36 | [CL] Rey Enigmaaa · wall_segment Stone Wall x1 |
| 18:27 | [CL] Rey Enigmaaa · wall_segment Stone Wall x1 |
| 18:43 | HR nomadplayer · first_building Monastery |
| 19:31 | HR nomadplayer · first_building Barracks |
| 19:36 | [CL] Rey Enigmaaa · wall_segment Stone Wall x1 |
| 19:37 | [CL] Rey Enigmaaa · wall_segment Stone Wall x1 |
| 19:38 | [CL] Rey Enigmaaa · wall_segment Stone Wall x1 |
| 20:22 | [CL] Rey Enigmaaa · wall_segment Stone Wall x3 |
| 20:25 | [CL] Rey Enigmaaa · wall_segment Stone Wall x2 |
| 20:26 | [CL] Rey Enigmaaa · wall_segment Stone Wall x5 |
| 20:28 | [CL] Rey Enigmaaa · wall_segment Stone Wall x4 |
| 20:56 | [CL] Rey Enigmaaa · wall_segment Stone Wall x1 |
| 21:12 | [CL] Rey Enigmaaa · age_up castle |
| 21:42 | [CL] Rey Enigmaaa · first_building Siege Workshop |
| 22:12 | [CL] Rey Enigmaaa · first_market_buy 100 food |
| 22:42 | [CL] Rey Enigmaaa · first_market_sell 100 wood |
| 23:31 | [CL] Rey Enigmaaa · first_building Monastery |
| 26:08 | HR nomadplayer · resign |
[ AI ANALYSIS · 1 CREDIT ]
What really happened in this match?
Wolo.gg analyzes every decision: build order, eco, micro, common mistakes by bracket. Personalized analysis on WhatsApp or Discord in 30 seconds.
Civ guide
Bengalis
Perfil
Jugador #4706179